 Dungeon Crawl Stone Soup version 0.14-a0-155-gd989017 (webtiles) character file.

255 PolkaDot the Insei (level 5, -5/35 HPs)
             Began as an Octopode Transmuter on Oct 5, 2013.
             Slain by an orc priest
             ... wielding a -1,+1 orcish morningstar
              (12 damage)
             ... on Level 3 of the Dungeon.
             The game lasted 00:06:58 (2196 turns).

PolkaDot the Insei (Octopode Transmuter)            Turns: 2196, Time: 00:06:58

HP  -5/35        AC  1     Str  9      XL: 5   Next: 47%
MP   7/7         EV 12     Int 15      God:
Gold 89          SH  0     Dex 14      Spells:  1 memorised,  7 levels left

Res.Fire  : x . .   See Invis. : .     - Unarmed
Res.Cold  : + . .   Warding    : .   (no shield)
Life Prot.: . . .   Conserve   : .   (helmet restricted)
Res.Poison: .       Res.Corr.  : .   (no amulet)
Res.Elec. : .       Clarity    : .   m - ring of ice
Sust.Abil.: . .     Spirit.Shd : .   (no ring)
Res.Mut.  : .       Stasis     : .   (no ring)
Res.Rott. : .       Flight     : .   (no ring)
Saprovore : . . .                    (no ring)
                                     (no ring)
                                     (no ring)
                                     (no ring)

@: slightly resistant to hostile enchantments, fairly stealthy
A: almost no armour, amphibious, 8 rings, constrict 8, camouflage 1, AC +1
a: no special abilities


You were on level 3 of the Dungeon.
You were hungry.

You visited 1 branch of the dungeon, and saw 3 of its levels.

You collected 69 gold pieces.

Inventory:

Missiles
 b - 12 arrows
Magical devices
 t - a wand of teleportation (7) {unknown}
Comestibles
 a - a bread ration
 f - a meat ration
 h - an orange
 l - a sausage
 n - a banana
 o - 3 chunks of goblin flesh
 q - a pear
Scrolls
 c - a scroll of enchant weapon I {unknown}
 e - 2 scrolls of fog {unknown}
 i - 2 scrolls of enchant weapon II {unknown}
 k - 4 scrolls of remove curse {unknown}
 p - a scroll of enchant armour {unknown}
 r - a scroll of magic mapping {unknown}
 s - 2 scrolls of identify {unknown}
 v - a scroll of curse weapon {unknown}
Jewellery
 m - a ring of ice (left tentacle)
Potions
 g - 2 potions of heal wounds
 j - 2 potions of curing
 u - 2 potions of restore abilities
Books
 d - a book of Changes

   Spells                             Type                      Level
   *Beastly Appendage                 Transmutation                1
   Sticks to Snakes                   Transmutation                2
   Spider Form                        Transmutation/Poison         3
   Ice Form                           Ice/Transmutation            4
   Blade Hands                        Transmutation                5


   Skills:
 + Level 3.2 Fighting
 - Level 2.0 Dodging
 * Level 5.0 Unarmed Combat
 - Level 2.0 Spellcasting
 - Level 2.0 Transmutations


You had 7 spell levels left.
You knew the following spells:

 Your Spells              Type           Power        Failure   Level  Hunger
a - Beastly Appendage     Trmt           #.....       12%         1    #......


Dungeon Overview and Level Annotations

Branches:
Dungeon (3/27)

Altars:
Nemelex Xobeh


Innate Abilities, Weirdness & Mutations

You cannot wear most types of armour.
You are amphibious.
You can wear up to eight rings at the same time.
You can use your tentacles to constrict many enemies at once.
Your skin changes colour to match your surroundings (Stlth).
Your rubbery body absorbs attacks (AC +1).


Message History

You hit the orc priest. You grab the orc priest.
The orc priest is moderately wounded.
You constrict the orc priest, but do no damage.
The orc priest mumbles some strange prayers to Beogh against you.
Pain shoots through your body!
You hit the orc priest but do no damage.
The orc priest is moderately wounded.
You constrict the orc priest, but do no damage.
The orc priest invokes the aid of Beogh against you.
Something smites you!
* * * LOW HITPOINT WARNING * * *
You hit the orc priest but do no damage.
You squeeze the orc priest.
The orc priest is moderately wounded.
You constrict the orc priest.
You hit the orc priest but do no damage.
The orc priest is heavily wounded.
You constrict the orc priest.
The orc priest hits you with an orcish morningstar!
You die...

.....### .......#
.%.....# ......># ###
.......# ..# .(.....#
#.# # .....#######
##.##.#
...........####)o.#.#
.....#.........)@...#
###.##.###.####...###
#....# #........#
###### #######..#
#..# #.$# #.[# #..#
#..#


You could see an orc priest.

Vanquished Creatures
  Terence (D:3)
  8 adders
  An inept feature mimic (D:2)
  2 oozes (D:1)
  4 orcs (D:3)
  7 bats
  2 giant cockroaches
  13 goblins
  4 hobgoblins
  3 giant geckos (D:1)
  4 giant newts
  7 kobolds
  12 rats
68 creatures vanquished.

Vanquished Creatures (others)
  A giant cockroach (D:3)
1 creature vanquished.

Grand Total: 69 creatures vanquished

Notes
Turn   | Place    | Note
--------------------------------------------------------------
     0 | D:1      | PolkaDot, the Octopode Transmuter, began the quest for the Orb.
     0 | D:1      | Reached XP level 1. HP: 13/13 MP: 1/1
   206 | D:1      | Reached XP level 2. HP: 8/18 MP: 3/3
   675 | D:1      | Reached XP level 3. HP: 21/23 MP: 4/4
   931 | D:2      | Reached skill level 4 in Unarmed Combat
   937 | D:2      | Reached XP level 4. HP: 15/29 MP: 6/6
  1763 | D:2      | Reached XP level 5. HP: 28/34 MP: 7/7
  2037 | D:3      | Found a sparkling altar of Nemelex Xobeh.
  2054 | D:3      | Noticed Terence
  2074 | D:3      | Killed Terence
  2187 | D:3      | Reached skill level 5 in Unarmed Combat
  2196 | D:3      | Slain by an orc priest

Action                   |  1- 3 |  4- 6 || total
-------------------------+-------+-------++-------
Melee: Unarmed           |    85 |   103 ||   188
  Use: Potion            |       |     4 ||     4
 Stab: Sleeping          |     5 |     4 ||     9
